 Dungeon Crawl Stone Soup version 0.26.0-15-gc6cd9f7 (webtiles) character file.

Game seed: 6437203171858357063

18468 MercyWheel the Cleaver (level 12, -10/103 HPs)
             Began as a Deep Dwarf Fighter on Jan 16, 2021.
             Was a Priest of Makhleb.
             Mangled by an ettin
             ... wielding a cursed -1 dire flail
              (18 damage)
             ... on level 1 of the Orcish Mines.
             The game lasted 00:22:11 (6981 turns).

MercyWheel the Cleaver (Deep Dwarf Fighter)         Turns: 6981, Time: 00:22:12

Health: -10/103    AC: 15    Str: 31    XL:     12   Next: 28%
Magic:  13/13      EV: 15    Int: 10    God:    Makhleb [***...]
Gold:   948        SH: 13    Dex: 15    Spells: 11/11 levels left

rFire    . . .     SeeInvis .   w - +2 hand axe "Sequeqow" {flame, rC+ Str+4} (curse)
rCold    + . .     Faith    .   c - +0 kite shield
rNeg     . . .     Spirit   .   G - +4 ring mail {Will+}
rPois    .         Reflect  .   z - +1 helmet
rElec    .         Harm     .   H - +0 cloak
rCorr    .         Rampage  .   J - +0 pair of gloves
Will     ++...                  (no boots)
Stlth    +.........             (no amulet)
HPRegen  0.00/turn              K - +6 ring of strength
MPRegen  0.13/turn              (no ring)

@: non-regenerating
A: damage resistance, heal wounds, sense surroundings 2, no regeneration
a: Heal Wounds, Renounce Religion, Minor Destruction, Lesser Servant of Makhleb


You were on level 1 of the Orcish Mines.
You worshipped Makhleb.
Makhleb was most pleased with you.
You visited 2 branches of the dungeon, and saw 12 of its levels.

You collected 948 gold pieces.

Inventory:

Hand Weapons
 a - a +0 war axe
 j - a +2 hand axe of electrocution
 w - the cursed +2 hand axe "Sequeqow" (weapon) {flame, rC+ Str+4}
   (You found it on level 5 of the Dungeon)

   It has been specially enchanted to burn those struck by it, causing extra
   injury to most foes and up to half again as much damage against particularly
   susceptible opponents.
   Big, fiery blades are also staple armaments of hydra-hunters.
   It affects your strength (+4).
   It protects you from cold.
   It has a curse placed upon it.
Missiles
 g - 3 javelins (quivered)
 u - 69 sling bullets
 I - 2 throwing nets
Armour
 b - a +0 scale mail
 c - a +0 kite shield (worn)
 z - a +1 helmet (worn)
 C - a +2 leather armour of poison resistance
 G - a +4 ring mail of willpower (worn)
 H - a +0 cloak (worn)
 J - a +0 pair of gloves (worn)
Jewellery
 K - a +6 ring of strength (left hand)
Wands
 x - a wand of digging (5)
 D - a wand of flame (10)
 E - a wand of random effects (20)
 F - a wand of polymorph (4)
 L - a wand of iceblast (9)
Scrolls
 e - 5 scrolls of remove curse {unknown}
 f - 7 scrolls of identify {unknown}
 h - 4 scrolls of fog {unknown}
 n - 4 scrolls of fear {unknown}
 o - 5 scrolls of enchant armour {unknown}
 p - 3 scrolls of random uselessness {unknown}
 v - 2 scrolls of teleportation {unknown}
 y - a scroll of immolation {unknown}
 A - a scroll of blinking {unknown}
 B - 2 scrolls of amnesia {unknown}
 M - a scroll of enchant weapon {unknown}
Potions
 d - a potion of might
 i - a potion of cancellation {unknown}
 k - a potion of berserk rage {unknown}
 l - 3 potions of heal wounds
 m - 5 potions of curing
 q - 2 potions of mutation {unknown}
 r - a potion of haste {unknown}
 s - 2 potions of brilliance {unknown}
 t - 3 potions of lignification {unknown}


   Skills:
 - Level 5.0 Fighting
 + Level 14.3 Axes
 - Level 6.2 Armour
 - Level 8.1 Dodging
 - Level 10.0 Shields
 - Level 10.0 Invocations


You had 11 spell levels left.
You didn't know any spells.
Your spell library contained the following spells:

 Spells                   Type           Power        Failure   Level
 Shock                    Conj/Air       0%           69%         1
 Sting                    Tmut/Pois      0%           69%         1
 Poisonous Vapours        Pois/Air       0%           83%         2
 Swiftness                Air            0%           83%         2
 Ignite Poison            Fire/Tmut/Pois 0%           96%         3
 Mephitic Cloud           Conj/Pois/Air  0%           96%         3
 Static Discharge         Conj/Air       0%           96%         3
 Airstrike                Air            0%           100%        4
 Olgreb's Toxic Radiance  Pois           0%           100%        4
 Lightning Bolt           Conj/Air       0%           100%        5


Dungeon Overview and Level Annotations

Branches:
Dungeon (10/15)            Temple (0/1) D:7             Orc (2/2) D:10
   Lair: D:8-11         Elf: Orc:2

Altars:
Cheibriados
Dithmenos
Gozag
Makhleb
Nemelex Xobeh
Okawaru
Trog
Xom
Zin

Annotations:
D:8 exclusion: downstairs
D:9 exclusion: downstairs


Innate Abilities, Weirdness & Mutations

You are resistant to damage.
You can heal yourself by infusing magical energy.
You passively map the area around you.
You do not regenerate.


Message History

Okay, then.
Unknown command.
Your magical essence is drained by the effort!
You feel much better. The ettin completely misses you.
You block the ettin's attack.
Unknown command.
You feel much better. The ogre closely misses you.
The ettin hits you with a cursed -1 dire flail.
The ettin hits you with a +0 dire flail!!!
You hear two shouts!
Unknown command.
The orc warrior barely misses you. The ogre closely misses you.
You climb upwards.
There is a stone staircase leading down, spattered with blood here.
Unknown command.
You block the orc warrior's attack. The ogre closely misses you.
The ettin hits you with a cursed -1 dire flail!!!
* * * LOW HITPOINT WARNING * * *
The ettin hits you with a +0 dire flail!!
You die...

* * ### #.. ### #^## ####
#.### ##..# ##..# ### ###..>#
##...# ##....
##.###.....####....####.....
#...##......##...#..#.......
##..##..##[).#............#.
##........##Co....#.....#.#..
#.......#.##@O...###...##....
##.#............#####..[....#
######...##..............#..
#................#.....
###.....#.......##.....
##..####.......#.....
##.#.....#.....[..##
###....##.....#..#
#.#....###....)###


You could see an ettin, an orc warrior and an ogre.

Vanquished Creatures
  Harold (D:8)
  An ogre mage (Orc:2)
  8 two-headed ogres
  An orc high priest (Orc:1)
  An unseen horror (D:10)
  2 deep trolls (Orc:2)
  An orc knight (Orc:1)
  3 orc sorcerers
  Maurice (D:8)
  An efreet (D:10)
  5 trolls
  5 yaks
  A steam dragon (D:9)
  2 wargs (Orc:1)
  Edmund (D:4)
  2 water moccasins (D:10)
  8 orc warriors
  A sky beast (D:8)
  2 ice beasts
  2 necrophages
  11 ogres
  4 centaurs
  2 phantoms
  4 big kobolds
  4 bullfrogs
  A water moccasin zombie (D:8)
  A wyvern skeleton (D:10)
  4 scorpions
  8 killer bees
  2 bullfrog zombies
  A quasit (D:4)
  4 hounds
  A gnoll shaman (D:4)
  3 orc priests
  An iguana (D:6)
  8 worker ants
  14 orc wizards
  A hound skeleton (D:4)
  2 hound zombies
  A howler monkey zombie (D:8)
  3 gnolls (D:4)
  6 adders
  A shadow imp (D:9)
  4 white imps
  A howler monkey simulacrum (D:10)
  An ufetubus (D:8)
  An ooze (D:3)
  2 adder zombies
  An adder skeleton (D:4)
  2 worms
  3 dart slugs
  3 leopard geckos
  32 orcs
  6 giant cockroaches
  3 goblins
  4 hobgoblins (D:3)
  4 jackals (D:4)
  2 quokkas
  A ball python skeleton (D:4)
  5 bats
  4 frilled lizards
  A jackal skeleton (D:5)
  25 kobolds
  A quokka skeleton (D:4)
  2 rats
244 creatures vanquished.

Vanquished Creatures (collateral kills)
  A two-headed ogre (Orc:2)
  A troll (Orc:2)
  3 ogres (Orc:2)
5 creatures vanquished.

Grand Total: 249 creatures vanquished

Notes
Turn   | Place    | Note
-------+----------+-------------------------------------------
     0 | D:1      | MercyWheel the Deep Dwarf Fighter began the quest for the
                  | Orb.
     0 | D:1      | Reached XP level 1. HP: 20/20 MP: 1/1
   145 | D:2      | Found a shimmering altar of Xom.
   162 | D:2      | Reached skill level 3 in Axes
   165 | D:2      | Reached XP level 2. HP: 27/27 MP: 2/2
   258 | D:3      | Reached XP level 3. HP: 29/33 MP: 3/3
   259 | D:3      | Reached skill level 4 in Axes
   422 | D:3      | Found a sparkling altar of Nemelex Xobeh.
   423 | D:3      | Found a bloodstained altar of Trog.
   536 | D:3      | Found a shadowy altar of Dithmenos.
   600 | D:3      | Reached XP level 4. HP: 23/40 MP: 4/4
   634 | D:3      | Found an iron altar of Okawaru.
   726 | D:4      | Reached skill level 5 in Axes
   746 | D:4      | Reached XP level 5. HP: 38/46 MP: 5/5
   750 | D:4      | Reached skill level 6 in Axes
   800 | D:4      | Found an opulent altar of Gozag.
   906 | D:5      | Entered Level 5 of the Dungeon
   930 | D:5      | Noticed a centaur
   972 | D:5      | Killed a centaur
   973 | D:5      | Reached skill level 7 in Axes
   973 | D:5      | Reached XP level 6. HP: 34/55 MP: 5/5
  1068 | D:5      | Got an ichor-stained hand axe
  1069 | D:5      | Identified the cursed +2 hand axe "Sequeqow" {flame, rC+
                  | Str+4} (You found it on level 5 of the Dungeon)
  1290 | D:5      | Found a burning altar of Makhleb.
  1302 | D:5      | Became a worshipper of Makhleb the Destroyer
  1459 | D:5      | Noticed an ice beast
  1496 | D:5      | Killed an ice beast
  1497 | D:5      | Reached XP level 7. HP: 52/61 MP: 6/6
  1734 | D:6      | Found a glowing silver altar of Zin.
  1833 | D:6      | Reached skill level 5 in Dodging
  2160 | D:4      | Noticed Edmund
  2182 | D:4      | Killed Edmund
  2183 | D:4      | Reached skill level 5 in Shields
  2183 | D:4      | Reached XP level 8. HP: 32/69 MP: 7/7
  2378 | D:4      | Reached * piety under Makhleb
  2379 | D:4      | Reached skill level 1 in Invocations
  3294 | D:7      | Found a staircase to the Ecumenical Temple.
  3422 | D:7      | Reached skill level 8 in Axes
  3749 | D:8      | Reached skill level 9 in Axes
  3868 | D:8      | Reached ** piety under Makhleb
  3880 | D:8      | Gained mutation: You passively map the area around you.
                  | [Deep Dwarf growth]
  3880 | D:8      | Reached XP level 9. HP: 46/76 MP: 11/11
  3885 | D:8      | Reached skill level 10 in Axes
  3919 | D:8      | Noticed a two-headed ogre
  3937 | D:8      | Killed a two-headed ogre
  3958 | D:8      | Noticed Harold
  4015 | D:8      | Killed Harold
  4079 | D:8      | Reached skill level 5 in Fighting
  4216 | D:9      | Noticed Maurice
  4237 | D:9      | Noticed a two-headed ogre
  4332 | D:8      | Killed Maurice
  4333 | D:8      | Reached skill level 5 in Armour
  4333 | D:8      | Reached XP level 10. HP: 71/88 MP: 12/12
  4396 | D:9      | Found a shimmering altar of Xom.
  4456 | D:9      | Killed a two-headed ogre
  4725 | D:9      | Reached skill level 11 in Axes
  4756 | D:9      | Reached *** piety under Makhleb
  4822 | D:9      | Reached skill level 12 in Axes
  5084 | D:9      | Noticed a two-headed ogre
  5104 | D:9      | Killed a two-headed ogre
  5184 | D:10     | Entered Level 10 of the Dungeon
  5218 | D:10     | Found a staircase to the Orcish Mines.
  5505 | D:10     | Reached skill level 13 in Axes
  5521 | D:10     | Found a snail-covered altar of Cheibriados.
  5667 | D:10     | Reached XP level 11. HP: 94/94 MP: 13/13
  5869 | D:10     | Killed an unseen horror
  5873 | D:10     | Identified the ring of the Past {MP+9 Str+2}
  5873 | D:10     | Noticed a skeletal warrior
  6026 | Orc:1    | Entered Level 1 of the Orcish Mines
  6030 | Orc:1    | Noticed an orc sorcerer
  6037 | Orc:1    | Paralysed by an orc sorcerer for 4 turns
  6053 | D:10     | Killed an orc sorcerer
  6128 | Orc:1    | Noticed an orc sorcerer
  6139 | Orc:1    | Killed an orc sorcerer
  6140 | Orc:1    | Reached skill level 14 in Axes
  6363 | Orc:1    | Noticed an orc high priest
  6476 | Orc:1    | Noticed an orc sorcerer
  6489 | Orc:1    | Killed an orc high priest
  6498 | Orc:1    | Killed an orc sorcerer
  6619 | Orc:2    | Entered Level 2 of the Orcish Mines
  6627 | Orc:2    | Noticed a deep troll
  6643 | Orc:2    | Noticed an ogre mage
  6653 | Orc:2    | Killed a deep troll
  6659 | Orc:2    | Killed an ogre mage
  6665 | Orc:2    | Noticed a two-headed ogre
  6667 | Orc:2    | Noticed a two-headed ogre
  6674 | Orc:2    | Noticed a two-headed ogre
  6679 | Orc:2    | Noticed a deep troll
  6682 | Orc:2    | Killed a two-headed ogre
  6683 | Orc:2    | Killed a two-headed ogre
  6688 | Orc:2    | Noticed a two-headed ogre
  6689 | Orc:2    | Killed a two-headed ogre
  6704 | Orc:2    | Killed a deep troll
  6705 | Orc:2    | Reached XP level 12. HP: 58/103 MP: 12/14
  6713 | Orc:2    | Killed a two-headed ogre
  6899 | Orc:1    | Reached skill level 10 in Invocations
  6924 | Orc:2    | Noticed a two-headed ogre
  6936 | Orc:2    | Killed a two-headed ogre
  6948 | Orc:2    | Noticed a two-headed ogre
  6954 | Orc:2    | Noticed an ettin
  6972 | Orc:1    | Killed a two-headed ogre
  6973 | Orc:1    | Reached skill level 10 in Shields
  6981 | Orc:1    | Mangled by an ettin

Illustrated notes

Levels and vault maps discovered:
D:1:      erik_arrival_cave_to_civilisation [erik_arrival_cave_to_temple],
          layout_loops_ring
D:2:      layout_loops_corners, lemuel_doored_altar, tso_altar
D:3:      layout_basic, nicolae_overflow_hidden_temple,
          gammafunk_temple_overflow_pools, nicolae_dithmenos_shadow_blocks,
          nrook_campfire, dk_noncrumbling_2, minmay_misc_feat_rugged,
          uniq_sigmund
D:4:      layout_loops_ring, nicolae_gozag_seed_capital, uniq_edmund
D:5:      layout_loops_ring, makhleb_blood_cavern_becter,
          serial_co_window_serial, co_window_of_opportunity_a,
          co_window_corner_a, co_window_corner_a, co_window_of_opportunity_a,
          co_window_paths_a, co_window_of_opportunity_a, co_window_corner_a,
          co_window_cross_3, co_window_corner_cb, co_window_unsneaky_path_d,
          glass_columns_b, glass_columns_a, glass_columns_c
D:6:      layout_loops_ring, general_overflow_altar, zin_academy
D:7:      layout_loops_corners, minmay_temple_entry_poolview,
          chequers_serial_rivers_micro_b
D:8:      layout_basic, uniq_harold
D:9:      layout_basic, basic_altar, kennysheep_boxes, uniq_maurice
D:10:     minmay_the_grid_triangle_9x9_recursive_2_mashed
          [minmay_the_grid_triangle_9x9_prize_special,
          minmay_the_grid_triangle_9x9_impossible_snake,
          minmay_the_grid_triangle_9x9_dagger,
          minmay_the_grid_triangle_9x9_warning], layout_loops_ring, david_orc_2,
          basic_altar
Orc:1:    layout_diamond_mine
Orc:2:    st_orc_open, layout_diamond_mine

Skill      XL: |  1  2  3  4  5  6  7  8  9 10 11 12 |
---------------+-------------------------------------+-----
Axes           | 3 4 5 7 9 10 13 14 | 14.3
Dodging        | 4 5 8 |  8.1
Shields        | 5 8 10 | 10.0
Fighting       | 3 5 |  5.0
Invocations    | 4 6 9 10 | 10.0
Armour         | 5 6 |  6.2

Action                   |  1- 3 |  4- 6 |  7- 9 | 10-12 || total
-------------------------+-------+-------+-------+-------++-------
Melee: War axe           |    64 |       |       |       ||    64
       Hand axe          |    15 |    83 |   460 |   535 ||  1093
Throw: Javelin           |       |       |     5 |     1 ||     6
       Throwing net      |       |       |     2 |       ||     2
Invok: Lesser Servant of |       |       |       |     5 ||     5
       Minor Destruction |       |       |       |     1 ||     1
 Abil: Heal Wounds       |     1 |     3 |    13 |    17 ||    34
  Use: Potion            |       |     1 |       |     1 ||     2
Armor: Scale mail        |    37 |    41 |    77 |       ||   155
       Ring mail         |       |       |    10 |   125 ||   135
Dodge: Dodged            |    32 |    31 |   142 |   205 ||   410
Block: Kite shield       |    42 |    39 |   185 |   258 ||   524
